 Dungeon Crawl Stone Soup version 0.29-a0-492-g10b964d8d7 (webtiles) character file.

Game seed: 89906637703176144

57 Ijustatesigmund the Firebug (level 4, 0/32 HPs)
             Began as a Gnoll Fire Elementalist on May 27, 2022.
             Killed from afar by an orc wizard (9 damage)
             ... with a puff of flame
             ... on level 3 of the Dungeon.
             The game lasted 00:03:37 (2178 turns).

Ijustatesigmund the Firebug (GnFE)                  Turns: 2178, Time: 00:03:38

Health: 0/32       AC:  2    Str:  7    XL:     4   Next: 0%
Magic:  10/11      EV: 13    Int: 17    God:
Gold:   145        SH:  0    Dex: 12    Spells: 10/13 levels left

rFire   . . .      SeeInvis .   c - +0 hand axe (freeze)
rCold   . . .      Faith    .   (no shield)
rNeg    . . .      Spirit   .   a - +0 robe
rPois   .          Reflect  .   (no helmet)
rElec   .          Harm     .   (no cloak)
rCorr   .          Rampage  .   (no gloves)
Will    .....                   (no boots)
Stlth   +.........              (no amulet)
HPRegen 0.10/turn               (no ring)
MPRegen 0.12/turn               (no ring)

@: confused, brilliant
A: fangs 1, strong nose, distributed training
a: no special abilities


You were on level 3 of the Dungeon.
You visited 1 branch of the dungeon, and saw 3 of its levels.

You collected 145 gold pieces.

Inventory:

Hand Weapons
 c - a +0 hand axe of freezing (weapon)
Armour
 a - a +0 robe (worn)
Scrolls
 d - 3 scrolls of blinking
 e - 2 scrolls of identify
Potions
 b - a potion of magic
 f - a potion of flight
 h - a potion of brilliance


   Skills:
 + Level 1.0 Fighting
 + Level 1.0 Short Blades
 + Level 1.0 Long Blades
 + Level 1.0 Axes
 + Level 1.0 Maces & Flails
 + Level 1.0 Polearms
 + Level 1.0 Staves
 + Level 1.0 Slings
 + Level 1.0 Bows
 + Level 1.0 Crossbows
 + Level 1.0 Throwing
 + Level 1.0 Armour
 + Level 4.6 Dodging
 + Level 4.2 Stealth
 + Level 1.0 Shields
 + Level 1.0 Unarmed Combat
 + Level 5.0 Spellcasting
 + Level 2.2 Conjurations
 + Level 0.7 Hexes
 + Level 0.7 Summonings
 + Level 0.7 Necromancy
 + Level 0.7 Translocations
 + Level 0.7 Transmutations
 + Level 5.4 Fire Magic
 + Level 0.7 Ice Magic
 + Level 0.7 Air Magic
 + Level 0.7 Earth Magic
 + Level 0.7 Poison Magic
 + Level 1.1 Invocations
 + Level 1.0 Evocations


You had 10 spell levels left.
You knew the following spells:

 Your Spells              Type           Power      Damage    Failure   Level
a - Foxfire               Conj/Fire      100%       2x1d9     3%          1
b - Scorch                Fire           68%        2d8       2%          2

Your spell library contained the following spells:

 Spells                   Type           Power      Damage    Failure   Level
 Conjure Flame            Conj/Fire      25%        6-21      9%          3
 Inner Flame              Hex/Fire       22%        N/A       12%         3
 Flame Wave               Conj/Fire      25%        2d7       28%         4


Dungeon Overview and Level Annotations

Branches:
Dungeon (3/15)

Altars:
Gozag

Shops:
D:1 (   D:3 *


Innate Abilities, Weirdness & Mutations

You have very sharp teeth.
Your uncanny sense of smell can sniff out nearby items.
Your experience applies equally to all skills.


Message History

You're too confused to cast spells.
You're too confused to cast spells.
You're too confused to cast spells.
You're too confused to move!
The orc wizard closely misses you.
The orc wizard casts a spell.
The orc wizard flickers and vanishes!
Deactivating autopickup; reactivate with Ctrl-A.
You closely miss something. Your bite misses something.
You hear some strange, mumbled words.
You are more confused.
You hear some strange, mumbled words.
A magic dart appears from out of thin air!
The magic dart hits you. Something hits you.
You closely miss something.
You hear some strange, mumbled words.
Something tries to affect you, but you resist.
You're too confused to move!
Something hits you but does no damage.
You miss something. Something hits you.
You closely miss something.
You feel less confused. Something hits you. x2
You hit something. You freeze something. Your bite misses something.
You hear some strange, mumbled words.
You are confused.
You hear some strange, mumbled words.
A puff of flame appears from out of thin air!
The puff of flame hits you! Something hits you but does no damage.
You hear some strange, mumbled words.
You are more confused.
It was a potion of brilliance.
You feel clever all of a sudden.
You completely miss something. Something hits you.
You barely miss something. Something hits you.
* * * LOW HITPOINT WARNING * * *
You hear some strange, mumbled words.
A puff of flame appears from out of thin air!
The puff of flame hits you!
You die...

#........##
#.........#
#.........#
#.........# ***#*****
#.........###...,,,,*
#.............#******
#.....<...####* **
#.........# *,
#...@.{...# #P
#.........# ##(
#.........# ######PP
##.......## #....#,.
##.....## #....###
#.##### #....... #.#
#....... #####.#####
#####... #.........#
#.....#.


There were no monsters in sight!

Vanquished Creatures
  A gnoll (D:1)
  2 orcs
  4 ball pythons
  3 bats (D:1)
  6 endoplasms
  3 giant cockroaches
  2 goblins (D:1)
  3 hobgoblins
  5 jackals (D:3)
  3 kobolds
  A quokka (D:2)
  6 rats
39 creatures vanquished.

Vanquished Creatures (others)
  65 foxfires
  A plant (D:2)
66 creatures vanquished.

Grand Total: 105 creatures vanquished

Notes
Turn   | Place    | Note
-------+----------+-------------------------------------------
     0 | D:1      | Ijustatesigmund the Gnoll Fire Elementalist began the quest
                  | for the Orb.
     0 | D:1      | Reached XP level 1. HP: 13/13 MP: 6/6
   155 | D:1      | Reached XP level 2. HP: 19/19 MP: 3/7
   158 | D:1      | Learned a level 2 spell: Scorch
   241 | D:1      | Found Uzigh's Antique Weapon Boutique.
   455 | D:1      | Reached skill level 5 in Spellcasting
   455 | D:1      | Reached XP level 3. HP: 20/25 MP: 7/9
  1068 | D:2      | You fall into a shaft and drop 1 floor!
  1093 | D:3      | Reached skill level 1 in Invocations
  1112 | D:3      | Found an opulent altar of Gozag.
  1114 | D:3      | Found Gozag's Platinum Reserve.
  1837 | D:3      | Reached skill level 1 in Fighting
  1837 | D:3      | Reached skill level 1 in Short Blades
  1837 | D:3      | Reached skill level 1 in Long Blades
  1837 | D:3      | Reached skill level 1 in Axes
  1837 | D:3      | Reached skill level 1 in Maces & Flails
  1837 | D:3      | Reached skill level 1 in Polearms
  1837 | D:3      | Reached skill level 1 in Staves
  1837 | D:3      | Reached skill level 1 in Slings
  1837 | D:3      | Reached skill level 1 in Bows
  1837 | D:3      | Reached skill level 1 in Crossbows
  1837 | D:3      | Reached skill level 1 in Throwing
  1837 | D:3      | Reached skill level 1 in Armour
  1837 | D:3      | Reached skill level 1 in Shields
  1837 | D:3      | Reached skill level 1 in Unarmed Combat
  1837 | D:3      | Reached skill level 1 in Evocations
  2130 | D:2      | Reached XP level 4. HP: 31/32 MP: 8/11
  2178 | D:3      | Killed from afar by an orc wizard

Illustrated notes

Levels and vault maps discovered:
D:1:      grunt_arrival_lava_bath, layout_basic, serial_shops,
          nicolae_shop_trees
D:2:      layout_rooms, serial_forest, infiniplex_forest_fountain,
          infiniplex_forest_clump_double, infiniplex_forest_end_2,
          infiniplex_forest_lined_2, infiniplex_forest_fountain,
          infiniplex_forest_clump_small, infiniplex_forest_clump_curved,
          infiniplex_forest_clump_tiny
D:3:      layout_rooms, gammafunk_temple_overflow_statue,
          nicolae_gozag_zags_fifth_avenue, shapermc_ecumenical_altar_hornbeckon

Skill      XL: |  1  2  3 |
---------------+----------+-----
Conjurations   | 2 |  2.2
Spellcasting   | 5 |  5.0
Invocations    | 1 |  1.1
Fighting       | 1 |  1.0
Short Blades   | 1 |  1.0
Long Blades    | 1 |  1.0
Axes           | 1 |  1.0
Maces & Flails | 1 |  1.0
Polearms       | 1 |  1.0
Staves         | 1 |  1.0
Slings         | 1 |  1.0
Bows           | 1 |  1.0
Crossbows      | 1 |  1.0
Throwing       | 1 |  1.0
Armour         | 1 |  1.0
Shields        | 1 |  1.0
Unarmed Combat | 1 |  1.0
Evocations     | 1 |  1.0
Dodging        | |  4.6
Stealth        | |  4.2
Hexes          | |  0.7
Summonings     | |  0.7
Necromancy     | |  0.7
Translocations | |  0.7
Transmutations | |  0.7
Fire Magic     | |  5.4
Ice Magic      | |  0.7
Air Magic      | |  0.7
Earth Magic    | |  0.7
Poison Magic   | |  0.7

Action                   |  1- 3 |  4- 6 || total
-------------------------+-------+-------++-------
Melee: Hand axe          |    49 |     7 ||    56
       Bite              |     2 |       ||     2
 Cast: Foxfire           |    37 |       ||    37
       Scorch            |     4 |     2 ||     6
  Use: Scroll            |     5 |       ||     5
       Potion            |       |     1 ||     1
 Stab: Sleeping          |     7 |       ||     7
Armor: Robe              |    11 |     2 ||    13
Dodge: Dodged            |    46 |     2 ||    48

Table legend: (Time is in decaauts)
 A = Elapsed time spent in this place.
 B = Non-inter-level travel time spent in this place.
 C = Inter-level travel time spent in this place.
 D = Time resting spent in this place.
 E = Time spent auto-exploring this place.
 F = Levels seen in this place.
 G = Mean time per level.
                   A        B        C        D        E       F      G
               +--------+--------+--------+--------+--------+-----+--------+
         Total |   2194 |   2126 |     68 |    301 |   1487 |   3 |  731.3 |
       Dungeon |   2194 |   2126 |     68 |    301 |   1487 |   3 |  731.3 |
               +--------+--------+--------+--------+--------+-----+--------+

Top non-repeatable levels by time:
     D:1: 1032 daAuts
     D:2: 885 daAuts
     D:3: 276 daAuts
